 Dungeon Crawl Stone Soup version 0.31.0-11-ge490571c62 (webtiles) character file.

Game seed: 7554286572946591682

179 qw the Shooter (level 5, -2/26 HPs)
             Began as a Spriggan Hunter on Feb 4, 2024.
             Slain by Edmund
             ... wielding a +1 flail of holy wrath
              (7 damage)
             ... on level 4 of the Dungeon.
             The game lasted 00:00:09 (2511 turns).

qw the Shooter (Spriggan Hunter)                    Turns: 2511, Time: 00:00:10

Health: -2/26      AC:  2    Str:  7    XL:     5   Next: 33%
Magic:  6/6        EV: 20    Int: 11    God:
Gold:   98         SH:  0    Dex: 20    Spells: 4/4 levels left

rFire   . . .        a - +0 shortbow
rCold   . . .        (shield currently unavailable)
rNeg    + . .        c - +0 robe
rPois   .            (helmet restricted)
rElec   .            (no cloak)
rCorr   .            (gloves unavailable)
SInv    +            (boots unavailable)
Will    .....        (no amulet)
Stlth   ++           d - ring of positive energy
HPRegen 0.24/turn    (no ring)
MPRegen 0.10/turn

%: no passive effects
@: about to teleport, hasted, very quick
A: very small, no large weapons, unfitting armour, see invisible, speed 3
a: no special abilities


You were on level 4 of the Dungeon.
You visited 1 branch of the dungeon, and saw 4 of its levels.

You collected 98 gold pieces.


Innate Abilities, Weirdness & Mutations

You are very small and have problems with some larger weapons.
You are too small for most types of armour.
You have supernaturally acute eyesight. (SInv)
You cover ground extremely quickly. (Speed+++)


   Skills:
 - Level 2.0 Fighting
 + Level 5.6 Ranged Weapons
 - Level 5.0 Dodging
 - Level 1.5 Stealth


You had 4 spell levels left.
You didn't know any spells.
Your spell library was empty.

Inventory:

Hand Weapons
 a - a +0 shortbow (weapon)
Armour
 c - a +0 robe (worn)
Jewellery
 d - a ring of positive energy (left hand)
Potions
 b - 2 potions of curing
 e - a potion of cancellation
 g - a potion of brilliance {unknown}
 h - a potion of attraction {unknown}

Dungeon Overview and Level Annotations

Branches:
Dungeon (4/15)
 Temple: D:4-7

Altars:
Elyvilon
Gozag
Vehumet

Annotations:
D:4 Edmund


Message History

Edmund the Younger comes into view.
He is wielding a +1 flail of holy wrath.
2497 ||| DRINKING potion of haste.
You feel yourself speed up.
You shoot an arrow. The arrow hits Edmund.
Edmund shouts!
Edmund is lightly wounded.
You shoot an arrow. The arrow hits Edmund.
Edmund is lightly wounded.
You shoot an arrow. The arrow closely misses Edmund.
You shoot an arrow.
The arrow hits Edmund but does no damage.
Edmund is lightly wounded.
You shoot an arrow. The arrow barely misses Edmund.
You shoot an arrow. The arrow hits Edmund!
Edmund is moderately wounded.
You shoot an arrow. The arrow hits Edmund.
Edmund is heavily wounded.
You shoot an arrow.
The arrow hits Edmund but does no damage.
Edmund is heavily wounded.
You shoot an arrow.
The arrow hits Edmund but does no damage.
Edmund is heavily wounded.
Edmund hits you with a +1 flail of holy wrath.
You shoot an arrow. The arrow barely misses Edmund.
Edmund closely misses you.
You shoot an arrow.
The arrow hits Edmund but does no damage.
Edmund is heavily wounded.
You shoot an arrow. The arrow hits Edmund.
Edmund is heavily wounded.
Edmund hits you with a +1 flail of holy wrath!
Ouch! That really hurt!
You shoot an arrow. The arrow closely misses Edmund.
Edmund hits you with a +1 flail of holy wrath.
2511 ||| READING scroll of teleportation.
As you read the scroll of teleportation, it crumbles to dust.
You feel strangely unstable.
Edmund hits you with a +1 flail of holy wrath!
You die...
Edmund whines, "They better pay attention to me now!"

#.......####...#
+..._...'..#...#######
#.......##......'....#
#.......####....#....#
##.....#######'#######
###+###........#
..............#
..............#
.......@......#
......@.......#
####....####### #....#
#....+ #....# ....##
.....


You could see Edmund.

Vanquished Creatures
  An orc priest (D:3)
  A jelly (D:4)
  3 adders (D:2)
  5 dart slugs
  2 ribbon worms (D:2)
  10 orcs (D:3)
  3 ball pythons (D:1)
  5 bats
  6 endoplasms
  2 giant cockroaches
  6 hobgoblins
  4 jackals (D:1)
  5 kobolds
  A quokka (D:1)
  7 frilled lizards
  5 goblins
  5 rats
71 creatures vanquished.

Notes
Turn   | Place    | Note
-------+----------+-------------------------------------------
     0 | D:1      | qw the Spriggan Hunter began the quest for the Orb.
     0 | D:1      | Reached XP level 1. HP: 10/10 MP: 2/2
     0 | D:1      | 0 ||| qw: Version: 0.3-a-160-g6735b56
     0 | D:1      | 0 ||| qw: Game counter: 4424
     0 | D:1      | 0 ||| qw: Melee chars always use a shield: true
     0 | D:1      | 0 ||| qw: God list: Okawaru
     0 | D:1      | 0 ||| qw: Allow faded altars: false
     0 | D:1      | 0 ||| qw: Do Orc after clearing Dungeon:15 true
     0 | D:1      | 0 ||| qw: Do second Lair branch before Depths: true
     0 | D:1      | 0 ||| qw: Lair rune preference: random
     0 | D:1      | 0 ||| qw: Goals: Normal
     0 | D:1      | 0 ||| PLANNING D:1-11
    15 | D:1      | Reached skill level 3 in Dodging
    47 | D:1      | Reached XP level 2. HP: 14/14 MP: 3/3
   345 | D:1      | Reached XP level 3. HP: 18/18 MP: 4/4
   586 | D:1      | 586 ||| UPGRADING to ring of positive energy.
   587 | D:1      | 587 ||| READING scroll labelled ASETZYFOTI.
   587 | D:1      | 587 ||| IDENTIFYING glowing amethyst potion
   588 | D:1      | 588 ||| READING scroll labelled CIYNOYS CELOMU.
   591 | D:1      | 591 ||| READING scroll labelled NEMMOK KULUTZ.
   592 | D:1      | 592 ||| DRINKING 2 cyan potions.
   593 | D:1      | 593 ||| DROPPING scroll of butterflies.
   594 | D:1      | 594 ||| DROPPING potion of berserk rage.
   644 | D:2      | 644 ||| FLEEEEING.
   645 | D:2      | 645 ||| FLEEEEING.
   649 | D:2      | 649 ||| FLEEEEING.
   650 | D:2      | 650 ||| FLEEEEING.
   651 | D:2      | 651 ||| FLEEEEING.
   654 | D:2      | 654 ||| STAIRDANCE
   881 | D:2      | Reached XP level 4. HP: 11/22 MP: 5/5
  1596 | D:2      | 1596 ||| READING scroll of identify.
  1596 | D:2      | 1596 ||| IDENTIFYING purple potion
  1966 | D:3      | Reached XP level 5. HP: 7/26 MP: 6/6
  2105 | D:3      | Found a white marble altar of Elyvilon.
  2252 | D:3      | 2252 ||| READING scroll of identify.
  2252 | D:3      | 2252 ||| IDENTIFYING 2 black potions
  2253 | D:3      | 2253 ||| READING 2 scrolls labelled SARAS TOQUFY.
  2254 | D:3      | 2254 ||| DROPPING scroll of amnesia.
  2448 | D:4      | Found an opulent altar of Gozag.
  2468 | D:4      | Found a radiant altar of Vehumet.
  2496 | D:4      | Noticed Edmund
  2497 | D:4      | 2497 ||| DRINKING potion of haste.
  2510 | D:4      | HP: 5/26 [Edmund/+1 flail of holy wrath (5)]
  2511 | D:4      | 2511 ||| READING scroll of teleportation.
  2511 | D:4      | Slain by Edmund

Levels and vault maps discovered:
D:1:      dpeg_arrival_arbitrary_c, layout_basic
D:2:      minmay_wonky_spiral, layout_loops_corners
D:3:      layout_basic, elyvilon_altar_4
D:4:      layout_gridville, lemuel_doored_altar,
          nicolae_ru_great_annihilating_truth, nicolae_vehumet_altar_sigil,
          kennysheep_orc_chapel, uniq_robin, uniq_edmund

Skill      XL: |  1  2  3  4 |
---------------+-------------+-----
Dodging        | 3 4 5 |  5.0
Ranged Weapons | 5 |  5.6
Fighting       | 2 |  2.0
Stealth        | |  1.5

Action                     |  1- 3 |  4- 6 || total
---------------------------+-------+-------++-------
   Fire: Shortbow          |   121 |   104 ||   225
    Use: Scroll            |     3 |     4 ||     7
         Potion            |     1 |     1 ||     2
 Armour: Robe              |    15 |     8 ||    23
  Dodge: Dodged            |    49 |    20 ||    69

Table legend:
 A = Non-vault XP
 B = Vault XP
 C = Vault XP percentage of total XP
 D = Non-vault monster count
 E = Vault monster count
 F = Vault count percentage of total count
                 A         B        C        D         E       F
            +---------+---------+-------+---------+---------+-------
      Total |     248 |       9 |   3.5 |      67 |       4 |   5.6
            +---------+---------+-------+---------+---------+-------
        D:1 |      52 |       0 |   0.0 |      28 |       0 |   0.0
        D:2 |      72 |       9 |  11.1 |      20 |       4 |  16.7
        D:3 |      82 |       0 |   0.0 |      17 |       0 |   0.0
        D:4 |      42 |       0 |   0.0 |       2 |       0 |   0.0
            +---------+---------+-------+---------+---------+-------
